 Dungeon Crawl Stone Soup version 0.30-b1-2-g02819fbbbe (webtiles) character file.

Game seed: 9779596029433213901

1111 Alarkh the Trooper (level 8, -2/64 HPs)
             Began as a Demonspawn Artificer on Nov 26, 2023.
             Was a Follower of Uskayaw.
             Slain by a gnoll
             ... wielding a +0 flail
             ... led by a gnoll sergeant
              (8 damage)
             ... on level 5 of the Dungeon.
             The game lasted 00:06:49 (5311 turns).

Alarkh the Trooper (Demonspawn Artificer)           Turns: 5311, Time: 00:06:50

Health: -2/64      AC:  3    Str: 13    XL:     8   Next: 11%
Magic:  11/11      EV: 11    Int: 15    God:    Uskayaw [*.....]
Gold:   213        SH:  0    Dex: 13    Spells: 7/7 levels left

rFire   . . .        a - +1 dagger (venom)
rCold   . . .        (no shield)
rNeg    . . .        b - +0 leather armour
rPois   .            (no helmet)
rElec   .            (no cloak)
rCorr   .            (no gloves)
SInv    .            (no boots)
Will    .....        (no amulet)
Stlth   ++           (no ring)
HPRegen 0.30/turn    (no ring)
MPRegen 0.12/turn

%: no passive effects
@: no status effects
A: demonic magic 1, demonic touch 1
a: Renounce Religion, Stomp


You were on level 5 of the Dungeon.
You worshipped Uskayaw.
Uskayaw was noncommittal.
You visited 1 branch of the dungeon, and saw 5 of its levels.

You collected 213 gold pieces.

Inventory:

Hand Weapons
 a - a +1 dagger of venom (weapon)
 g - a +0 dagger
 u - a +2 whip of venom
Missiles
 c - a throwing net
Armour
 b - a +0 leather armour (worn)
 n - the +2 robe of Qerghuryo {rF+ Str+8 Int-3 Slay-6}
   (You found it on level 2 of the Dungeon)

   Str:       It affects your strength (+8).
   Int:       It affects your intelligence (-3).
   Slay:      It affects your accuracy & damage with ranged weapons and melee
   (-6).
   rF:        It protects you from fire.
Magical Staves
 x - a staff of fire
Jewellery
 v - a ring of wizardry
 y - a ring of protection from cold
Wands
 d - a wand of charming (13)
Scrolls
 h - a scroll of acquirement {unknown}
 i - 3 scrolls of noise
 k - a scroll of immolation {unknown}
 l - a scroll of torment
 p - 3 scrolls of teleportation
 q - a scroll of fog {unknown}
 r - a scroll of identify
 s - a scroll of blinking {unknown}
Potions
 f - a potion of flight
 j - a potion of attraction
 m - a potion of heal wounds
 o - 2 potions of might
 t - a potion of curing
 w - a potion of brilliance


   Skills:
 + Level 5.9 Fighting
 * Level 4.6 Short Blades
 - Level 1.7 Armour
 - Level 0.8 Dodging
 + Level 3.6 Stealth
 + Level 4.5 Invocations
 - Level 3.0 Evocations


You had 7 spell levels left.
You didn't know any spells.
Your spell library contained the following spells:

 Spells                   Type           Power      Damage    Failure   Level
 Foxfire                  Conj/Fire      0%         2x1d4     34%         1
 Sandblast                Erth           0%         2d4       34%         1
 Passwall                 Tmut/Erth      0%         N/A       45%         2
 Stone Arrow              Conj/Erth      0%         3d7       71%         3
 Fireball                 Conj/Fire      0%         3d3       100%        5
 Plasma Beam              Fire/Air       0%         2x1d11    100%        6
 Starburst                Conj/Fire      0%         6d3       100%        6


Dungeon Overview and Level Annotations

Branches:
Dungeon (5/15)
 Temple: D:4-7

Altars:
Fedhas
Uskayaw


Innate Abilities, Weirdness & Mutations

Spells you cast may paralyse adjacent enemies.
Your touch may inflict minor irresistible damage on your foes.


Message History

Your adder barely misses the gnoll sergeant.
The gnoll sergeant hits your adder with a +0 trident!
Your adder dies!
The gnoll sergeant hits you from afar with a +0 trident!
The gnoll sergeant hits you with a +0 trident!
You barely miss the gnoll sergeant.
The gnoll sergeant is moderately wounded.
The gnoll sergeant hits you with a +0 trident!
You barely miss the gnoll sergeant.
The gnoll sergeant is moderately wounded.
The gnoll sergeant hits you with a +0 trident.
You hit the gnoll sergeant.
The gnoll sergeant looks even sicker.
The gnoll sergeant is moderately wounded.
You hit the gnoll sergeant but do no damage.
The gnoll sergeant looks as sick as possible!
The gnoll sergeant is heavily wounded.
The gnoll sergeant misses you.
You hit the gnoll sergeant but do no damage.
The gnoll sergeant looks as sick as possible!
You touch the gnoll sergeant!
The gnoll sergeant is almost dead.
You kill the gnoll sergeant!
You hit the gnoll.
The gnoll is poisoned.
Your touch misses the gnoll.
The gnoll is lightly wounded.
The gnoll hits you with a +0 flail!
* * * LOW HITPOINT WARNING * * *
You hit the gnoll.
The gnoll looks as sick as possible!
The gnoll is moderately wounded.
You barely miss the gnoll.
The gnoll is moderately wounded.
The gnoll hits you with a +0 flail.
* * * LOW HITPOINT WARNING * * *
You closely miss the gnoll.
The gnoll is heavily wounded.
The gnoll hits you with a +0 flail.
* * * LOW HITPOINT WARNING * * *
You hit the gnoll.
The gnoll looks as sick as possible!
The gnoll is almost dead.
The gnoll hits you with a +0 flail!
You die...

#########.######...#####..
#.# #...# #.. #.#
##.>.#####.. #.#
#........... #.#
#........... #.#
#........... #.#
#........... #.#
#.........## #@#
#.......<.# #g#
#.........# #g#
########### #.# #.# #.#
####.##### #........#
#........#


You could see 2 gnolls.

Vanquished Creatures
  Sigmund (D:4)
  A gnoll sergeant (D:5)
  3 scorpions
  A howler monkey (D:5)
  2 hounds (D:4)
  2 orc priests
  2 jellies (D:5)
  A sleepcap (D:5)
  3 iguanas
  Natasha (thrice) (D:2)
  2 orc wizards (D:4)
  Robin (D:3)
  11 gnolls
  2 adders
  A white imp (D:5)
  2 ufetubi (D:5)
  A dart slug (D:1)
  6 orcs
  2 ball pythons
  4 bats
  2 endoplasms
  7 giant cockroaches
  14 goblins
  10 hobgoblins
  7 jackals
  7 quokkas
  A frilled lizard (D:1)
  8 kobolds
  5 rats
112 creatures vanquished.

Vanquished Creatures (others)
  An adder (D:5)
  4 plants (D:2)
5 creatures vanquished.

Grand Total: 117 creatures vanquished

Notes
Turn   | Place    | Note
-------+----------+-------------------------------------------
     0 | D:1      | Alarkh the Demonspawn Artificer began the quest for the
                  | Orb.
     0 | D:1      | Reached XP level 1. HP: 15/15 MP: 1/1
   115 | D:1      | Reached skill level 2 in Fighting
   127 | D:1      | Gained mutation: Spells you cast may paralyse adjacent
                  | enemies. [demonic ancestry]
   127 | D:1      | Reached XP level 2. HP: 15/22 MP: 2/2
   881 | D:2      | Reached skill level 3 in Fighting
   958 | D:2      | Reached XP level 3. HP: 23/29 MP: 3/3
  1018 | D:2      | Identified the +2 robe of Qerghuryo {rF+ Str+8 Int-3
                  | Slay-6}
  1375 | D:2      | Noticed Natasha
  1388 | D:2      | Killed Natasha
  1503 | D:2      | Found a faded altar of an unknown god.
  1769 | D:2      | Noticed Natasha
  1771 | D:2      | Killed Natasha
  1772 | D:2      | Reached skill level 4 in Fighting
  1772 | D:2      | Gained mutation: Your touch may inflict minor irresistible
                  | damage on your foes. [demonic ancestry]
  1772 | D:2      | Reached XP level 4. HP: 33/37 MP: 4/4
  1891 | D:2      | Noticed Natasha
  1922 | D:2      | Found a faded altar of an unknown god.
  1968 | D:2      | Killed Natasha
  2016 | D:3      | Noticed Robin
  2224 | D:3      | Found a hide-covered altar of Uskayaw.
  2260 | D:3      | Became a worshipper of Uskayaw the Reveller
  2293 | D:3      | Reached * piety under Uskayaw
  2307 | D:3      | Reached skill level 1 in Stealth
  2310 | D:3      | Reached ** piety under Uskayaw
  2311 | D:3      | Reached XP level 5. HP: 13/43 MP: 5/5
  2588 | D:3      | Killed Robin
  2589 | D:3      | Reached skill level 1 in Short Blades
  2589 | D:3      | Reached skill level 1 in Invocations
  2869 | D:3      | Found a blossoming altar of Fedhas.
  3081 | D:4      | Reached XP level 6. HP: 44/50 MP: 7/7
  3212 | D:4      | Reached skill level 5 in Fighting
  3435 | D:4      | Noticed Sigmund
  3446 | D:4      | Killed Sigmund
  3602 | D:4      | Reached XP level 7. HP: 42/56 MP: 9/9
  3603 | D:4      | Reached *** piety under Uskayaw
  4194 | D:5      | Entered Level 5 of the Dungeon
  4394 | D:5      | Noticed a two-headed ogre
  5004 | D:5      | HP: 2/57 [iguana (3)]
  5286 | D:5      | Reached XP level 8. HP: 56/64 MP: 11/11
  5311 | D:5      | Slain by a gnoll

Illustrated notes

Levels and vault maps discovered:
D:1:      shiori_arrival_maze, layout_basic, minivault_23
D:2:      layout_rooms, shapermc_ecumenical_altar_mp_vishouse, serial_forest,
          infiniplex_forest_clump_medium, infiniplex_forest_clump_large,
          infiniplex_forest_straight_4, infiniplex_forest_corner_1,
          infiniplex_forest_straight_2, infiniplex_forest_clump_tiny,
          infiniplex_forest_clump_tiny, infiniplex_forest_diagonal,
          infiniplex_forest_clump_curved, uniq_natasha
D:3:      layout_rooms, lemuel_coloured_pillars_altar, fedhas_altar_4,
          st_stairs_6, uniq_robin
D:4:      layout_loops_ring, uniq_sigmund
D:5:      layout_basic, lightli_corner_chamber

Skill      XL: |  1  2  3  4  5  6  7 |
---------------+----------------------+-----
Fighting       | 2 3 4 5 |  5.9
Stealth        | 1 2 3 |  3.6
Short Blades   | 2 3 4 |  4.6
Invocations    | 1 3 4 |  4.5
Armour         | |  1.7
Dodging        | |  0.8
Evocations     | |  3.0

Action                     |  1- 3 |  4- 6 |  7- 9 || total
---------------------------+-------+-------+-------++-------
  Melee: Club              |    29 |       |       ||    29
         Dagger            |   133 |    37 |   117 ||   287
         Whip              |     6 |    61 |       ||    67
         Touch             |       |    18 |    26 ||    44
         Punch             |       |       |     1 ||     1
  Evoke: Wand              |    12 |    12 |     4 ||    28
    Use: Scroll            |     3 |     3 |     3 ||     9
         Potion            |     1 |       |       ||     1
   Stab: Sleeping          |     2 |     1 |     1 ||     4
         Paralysed         |       |       |     3 ||     3
 Armour: Leather armour    |    49 |    22 |    26 ||    97
  Dodge: Dodged            |    99 |    72 |    89 ||   260
